 Dungeon Crawl Stone Soup version 0.30-b1-2-g02819fbbbe (webtiles) character file.

Game seed: 2599841268568194166

21196 loralnil the Martial Artist (level 12, -14/66 HPs)
             Began as a Vine Stalker Transmuter on Nov 17, 2023.
             Was a High Priest of Makhleb.
             Demolished by an orc warlord
             ... wielding a +1 heavy long sword
              (23 damage)
             ... on level 1 of the Orcish Mines.
             The game lasted 00:28:29 (10585 turns).

loralnil the Martial Artist (VSTm)                 Turns: 10585, Time: 00:28:30

Health: -14/66     AC: -17   Str: 13    XL:     12   Next: 87%
Magic:  0/19       EV: 20    Int: 17    God:    Makhleb [*****.]
Gold:   999        SH:  0    Dex: 28    Spells: 8/19 levels left

rFire   + +          .
                       - Unarmed
rCold   x x .        (no shield)
rNeg    . . .        i - +3 salamander hide armour {Flames, rFlCloud rF++ rC--}
rPois   .            (helmet currently unavailable)
rElec   .            m - +0 cloak
rCorr   .            (no gloves)
SInv    .            G - melded +1 pair of boots {Stlth+}
Will    +....        K - amulet of regeneration
Stlth   ++           c - +6 ring of dexterity
HPRegen 1.91/turn    e - +6 ring of dexterity
MPRegen 0.16/turn

%: guardian spirit
@: appendages, corroded
A: horns 2, talons 2, fangs 3, regeneration 1, magic shield, antimagic bite, no
potion heal 2
a: End Transformation, Renounce Religion, Minor Destruction, Lesser Servant of
Makhleb, Major Destruction, Greater Servant of Makhleb


You were on level 1 of the Orcish Mines.
You worshipped Makhleb.
Makhleb was extremely pleased with you.
You had temporarily grown beastly horns and talons.
You visited 3 branches of the dungeon, and saw 16 of its levels.
You also visited: Ossuary and Bailey.

You collected 999 gold pieces.

Inventory:

Hand Weapons
 I - the +2 sling of Fortitude {flame, rElec rF+ Stlth-}
   (You found it on level 9 of the Dungeon)

   rF:        It protects you from fire.
   rElec:     It insulates you from electricity.
   Stlth:     It makes you less stealthy.
Missiles
 z - 2 throwing nets
Armour
 i - the +3 salamander hide armour (worn) {Flames, rFlCloud rF++ rC--}
   (You found it on level 2 of the Dungeon)

   Flames:    It surrounds you with flame clouds and enhances your fire magic.
   rFlCloud:  It grants immunity to flame clouds.
   rF:        It greatly protects you from fire.
   rC:        It makes you very vulnerable to cold.
 m - a +0 cloak (worn)
 G - a +1 pair of boots of stealth (melded)
Magical Staves
 A - the staff of earth "Bocoidog" {rC+}
   (You found it on level 6 of the Dungeon)

   [staff of earth]

   Base accuracy: +5 Base damage: 5 Base attack delay: 1.2 This weapon's minimum
   attack delay (0.6) is reached at skill level 12.
   rC:        It protects you from cold.
   It falls into the 'Staves' category.
   It is a one-handed weapon.
Jewellery
 c - a +6 ring of dexterity (left hand)
 e - a +6 ring of dexterity (right hand)
 t - a ring of magical power
 y - a ring of protection from fire
 K - an amulet of regeneration (around neck)
Wands
 D - a wand of charming (8)
 F - a wand of polymorph (15)
 H - a wand of light (14)
 J - a wand of flame (8)
 L - a wand of digging (7)
 N - a wand of mindburst (4)
Scrolls
 j - 5 scrolls of blinking
 o - 3 scrolls of brand weapon
 p - 2 scrolls of fear
 q - 2 scrolls of amnesia
 r - a scroll of poison
 s - a scroll of fog
 u - a scroll of torment {unknown}
 v - a scroll of teleportation {unknown}
 B - 2 scrolls of magic mapping {unknown}
 C - 3 scrolls of noise {unknown}
 M - a scroll of immolation {unknown}
 O - a scroll of butterflies {unknown}
Potions
 a - 2 potions of cancellation
 b - 4 potions of lignification
 d - 3 potions of flight
 f - 3 potions of berserk rage
 g - 4 potions of curing
 h - 3 potions of brilliance
 k - 5 potions of attraction
 l - a potion of resistance {unknown}
 n - 2 potions of degeneration {unknown}
 w - a potion of invisibility {unknown}
 x - 2 potions of haste {unknown}
 E - 2 potions of might {unknown}


   Skills:
 + Level 9.2 Fighting
 + Level 9.3 Dodging
 + Level 11.0 Unarmed Combat
 - Level 4.0 Spellcasting
 - Level 8.0 Transmutations
 - Level 5.0 Ice Magic
 - Level 5.0 Air Magic


You had 8 spell levels left.
You knew the following spells:

 Your Spells              Type           Power      Damage    Failure   Level
a - Beastly Appendage     Tmut           60%        N/A       1%          1
b - Spider Form           Tmut/Pois      17%        N/A       12%         3
c - Swiftness             Air            20%        N/A       8%          3
d - Ice Form              Ice/Tmut       25%        N/A       14%         4

Your spell library contained the following spells:

 Spells                   Type           Power      Damage    Failure   Level
 Wereblood                Tmut           30%        N/A       1%          2
 Passwall                 Tmut/Erth      14%        N/A       6%          2
 Ensorcelled Hibernation  Hex/Ice        22%        N/A       11%         2
 Apportation              Tloc           6%         N/A       21%         1
 Magic Dart               Conj           12%        1d3       21%         1
 Necrotise                Necr           12%        1d4       21%         1
 Summon Small Mammal      Summ           12%        N/A       21%         1
 Blade Hands              Tmut           15%        N/A       21%         5
 Call Imp                 Summ           6%         N/A       30%         2
 Mephitic Cloud           Conj/Pois/Air  9%         N/A       30%         3
 Portal Projectile        Hex/Tloc       6%         N/A       52%         3
 Tukima's Dance           Hex            3%         N/A       52%         3


Dungeon Overview and Level Annotations

Branches:
Dungeon (13/15)            Temple (1/1) D:6             Orc (2/2) D:12
    Elf (0/3) Orc:2        Vaults (0/5) D:13        Ossuary (visited)
 Bailey (visited)
   Lair: D:8-11

Altars:
Ashenzari
Cheibriados
Dithmenos
Elyvilon
Fedhas
Gozag
Hepliaklqana
Kikubaaqudgha
Makhleb
Nemelex Xobeh
Okawaru
Qazlal
Ru
Sif Muna
Trog
Uskayaw
Vehumet
Wu Jian
Xom
Yredelemnul
Zin

Shops:
D:11 =

Annotations:
D:13 Nessos


Innate Abilities, Weirdness & Mutations

You have temporarily grown beastly horns and talons.
You have razor-sharp teeth.
Your natural rate of healing is unusually fast.
When hurt, damage is shared between your health and your magic reserves.
Your bite disrupts and absorbs the magic of your enemies.
Potions cannot restore your health.


Message History

You hit the orc warlord but do no damage.
Your kick misses the orc warlord.
The orc warlord is heavily wounded.
The orc warlord is engulfed in blazing flames.
The orc warlord hits you with a +1 heavy long sword!!
Unknown command.
You closely miss the orc warlord.
You claw the orc warlord, but do no damage.
Your headbutt misses the orc warlord.
The orc warlord is heavily wounded.
You barely miss the orc warlord.
You claw the orc warlord, but do no damage.
You headbutt the orc warlord, but do no damage.
You bite the orc warlord, but do no damage.
The orc warlord is heavily wounded.
The orc warrior barely misses you.
The orc warlord is engulfed in blazing flames.
The orc warlord hits you with a +1 heavy long sword!!
Unknown command.
You barely miss the orc warlord.
You claw the orc warlord, but do no damage.
You headbutt the orc warlord, but do no damage.
You punch the orc warlord, but do no damage.
You bite the orc warlord, but do no damage.
The orc warlord is heavily wounded.
Unknown command.
You hit the orc warlord but do no damage.
You headbutt the orc warlord, but do no damage.
The orc warlord is heavily wounded.
The orc warrior hits you from afar with a +0 halberd!!
* * * LOW HITPOINT WARNING * * *
The orc warlord is engulfed in blazing flames.
Unknown command.
The orc warlord is engulfed in blazing flames.
The orc warlord is engulfed in blazing flames.
The orc warlord is engulfed in blazing flames.
The orc warlord is engulfed in blazing flames.
The orc warlord attacks as you move away!
The orc warlord hits you with a +1 heavy long sword!!
You die...

.... ##....####...
#####
#..###.....#.#...#
...#.
#.......##......##
....####.....###....##
....##......####.###
#..#..#.....# #.#
#.....##....###.#
#.○°○###....####
###.○@☼###oo...#
#...○☼o#......##
......##.°☼>...##
#....# ##.○...## .....
#..#### .... #### #.#
##


You could see an orc warlord.

Vanquished Creatures
  A boulder beetle (D:11)
  6 two-headed ogres
  Nergalle (D:11)
  Pikel (D:8)
  A wolf spider zombie (D:8)
  3 orc knights (Bailey)
  An orc sorcerer (Orc:2)
  3 cyclopes
  2 centaur zombies (D:8)
  3 centaur skeletons (D:8)
  2 unseen horrors (D:11)
  3 trolls
  2 hellwings (D:8)
  2 hornets
  12 slime creatures
  A wraith (D:12)
  A shadow (D:11)
  A warg (Orc:1)
  3 acid dragons
  20 orc warriors
  An ogre (D:6)
  An ice beast (D:6)
  2 black bears
  A sky beast (D:4)
  A hornet zombie (D:8)
  6 centaurs
  2 lemures (D:8)
  3 elf zombies (Ossuary)
  A phantom (D:5)
  3 kobold brigands
  3 bullfrogs
  3 gnoll sergeants
  A scorpion (D:5)
  10 killer bees
  8 electric eels
  A howler monkey (D:6)
  4 hounds
  A human zombie (Ossuary)
  13 orc priests
  3 jellies
  A gnoll bouda (D:7)
  Crazy Yiuf (D:4)
  3 sleepcaps
  5 iguanas
  24 orc wizards
  2 mummies (Ossuary)
  23 gnolls
  12 adders
  4 shadow imps
  2 white imps
  An adder zombie (Ossuary)
  A worm (D:2)
  102 orcs
  4 ball pythons
  A bat (D:1)
  9 endoplasms
  3 giant cockroaches (D:1)
  6 goblins
  A hobgoblin (D:2)
  2 frilled lizards
  A goblin zombie (Ossuary)
  7 hobgoblin zombies (Ossuary)
  A jackal zombie (Ossuary)
  23 kobolds
  13 kobold zombies (Ossuary)
  9 orc zombies (Ossuary)
  6 rats
  A rat zombie (Ossuary)
405 creatures vanquished.

Vanquished Creatures (others)
  4 plants (D:6)
  4 withered plants (D:8)
8 creatures vanquished.

Grand Total: 413 creatures vanquished

Notes
Turn   | Place    | Note
-------+----------+-------------------------------------------
     0 | D:1      | loralnil the Vine Stalker Transmuter began the quest for
                  | the Orb.
     0 | D:1      | Reached XP level 1. HP: 9/9 MP: 4/4
    91 | D:1      | Reached skill level 1 in Fighting
   183 | D:1      | Reached XP level 2. HP: 12/14 MP: 3/6
   989 | D:2      | Reached XP level 3. HP: 10/18 MP: 5/7
  1397 | D:2      | Found the +3 salamander hide armour {Flames, rFlCloud rF++
                  | rC--}
  1573 | D:2      | Noticed an eye of devastation
  1578 | D:2      | Noticed a golden eye
  1580 | D:2      | Found a faded altar of an unknown god.
  1581 | D:2      | Noticed a great orb of eyes
  1581 | D:2      | Noticed an eye of devastation
  1585 | D:2      | Gained mutation: Your natural rate of healing is unusually
                  | fast. [Vine Stalker growth]
  1585 | D:2      | Reached XP level 4. HP: 22/22 MP: 7/9
  1993 | D:3      | Found a transporter.
  1995 | D:3      | Noticed a centaur
  1997 | D:3      | Noticed a black bear
  1998 | D:3      | Found a transporter.
  2388 | D:3      | Found a bloodstained altar of Trog.
  2390 | D:3      | Found a basalt altar of Yredelemnul.
  2420 | D:3      | Reached XP level 5. HP: 26/26 MP: 10/10
  2462 | D:3      | Learned a level 3 spell: Spider Form
  2538 | D:3      | Killed a black bear
  2539 | D:3      | Reached skill level 4 in Unarmed Combat
  2539 | D:3      | Reached XP level 6. HP: 19/32 MP: 1/12
  2927 | D:4      | Noticed a sky beast
  2933 | D:4      | Killed a sky beast
  2934 | D:4      | Reached XP level 7. HP: 36/36 MP: 11/13
  2938 | D:4      | Found a sand-covered staircase.
  2945 | Ossuary  | Entered an ossuary
  3175 | D:4      | Gained mutation: You have razor-sharp teeth. [Vine Stalker
                  | growth]
  3175 | D:4      | Reached XP level 8. HP: 41/41 MP: 15/15
  3187 | D:4      | Found a runed translucent door.
  3188 | D:4      | Noticed Crazy Yiuf
  3195 | D:4      | Killed Crazy Yiuf
  3196 | D:4      | Reached skill level 5 in Unarmed Combat
  3722 | D:5      | Entered Level 5 of the Dungeon
  3925 | D:5      | Reached skill level 5 in Transmutations
  4613 | D:6      | Identified the staff of earth "Bocoidog" {rC+}
  4647 | D:6      | Learned a level 3 spell: Swiftness
  4719 | D:6      | Found a staircase to the Ecumenical Temple.
  4725 | Temple   | Entered the Ecumenical Temple
  4861 | Temple   | Became a worshipper of Makhleb the Destroyer
  4927 | D:6      | Reached skill level 1 in Air Magic
  4932 | D:6      | Reached XP level 9. HP: 42/46 MP: 16/16
  5074 | D:6      | Reached skill level 6 in Unarmed Combat
  5136 | D:6      | Reached skill level 5 in Fighting
  5158 | D:6      | Reached * piety under Makhleb
  5527 | D:7      | Reached skill level 5 in Dodging
  5540 | D:7      | Noticed a hornet
  5546 | D:7      | Killed a hornet
  6147 | D:8      | Reached skill level 7 in Unarmed Combat
  6153 | D:8      | Reached XP level 10. HP: 43/51 MP: 17/17
  6183 | D:8      | Reached skill level 5 in Air Magic
  6188 | D:8      | Reached ** piety under Makhleb
  6335 | D:8      | Noticed Pikel
  6346 | D:8      | Killed Pikel
  6347 | D:8      | Reached skill level 8 in Unarmed Combat
  6357 | D:8      | Learned a level 4 spell: Ice Form
  6374 | D:8      | Found a flagged portal.
  6384 | Bailey   | Entered a bailey
  6442 | Bailey   | Noticed an orc knight
  6506 | Bailey   | Noticed an orc knight
  6518 | Bailey   | Killed an orc knight
  6519 | Bailey   | Reached skill level 1 in Ice Magic
  6521 | Bailey   | Reached XP level 11. HP: 41/56 MP: 18/18
  6629 | Bailey   | Killed an orc knight
  6802 | Bailey   | Noticed an orc knight
  6825 | Bailey   | Killed an orc knight
  6911 | D:8      | Reached *** piety under Makhleb
  7122 | D:8      | You fall into a shaft and drop 1 floor!
  7136 | D:9      | Noticed a two-headed ogre
  7148 | D:9      | Killed a two-headed ogre
  7258 | D:9      | Found a stormy altar of Qazlal.
  7453 | D:9      | Identified the +2 sling of Fortitude {flame, rElec rF+
                  | Stlth-}
  7864 | D:10     | Entered Level 10 of the Dungeon
  7871 | D:10     | Reached **** piety under Makhleb
  7900 | D:10     | Noticed a two-headed ogre
  7909 | D:10     | Killed a two-headed ogre
  7910 | D:10     | Reached skill level 9 in Unarmed Combat
  8517 | D:11     | Noticed a two-headed ogre
  8522 | D:11     | Killed a two-headed ogre
  8587 | D:11     | Noticed a cyclops
  8597 | D:11     | Killed a cyclops
  8639 | D:11     | Noticed Nergalle
  8651 | D:11     | Killed Nergalle
  8652 | D:11     | Reached skill level 5 in Ice Magic
  8652 | D:11     | Reached XP level 12. HP: 55/64 MP: 11/19
  8805 | D:11     | Noticed a boulder beetle
  8820 | D:11     | Killed a boulder beetle
  8944 | D:11     | Noticed a two-headed ogre
  8953 | D:11     | Killed a two-headed ogre
  9041 | D:11     | Reached skill level 10 in Unarmed Combat
  9156 | D:11     | Found Mafymeg's Jewellery Shop.
  9157 | D:11     | Noticed a two-headed ogre
  9163 | D:11     | Killed a two-headed ogre
  9485 | D:12     | Reached ***** piety under Makhleb
  9536 | D:12     | Found a shimmering blue altar of Sif Muna.
  9546 | D:12     | Noticed a two-headed ogre
  9557 | D:12     | Killed a two-headed ogre
 10256 | D:12     | Found a staircase to the Orcish Mines.
 10311 | D:13     | Noticed a two-headed ogre
 10311 | D:13     | Noticed a deep elf knight
 10311 | D:13     | Noticed Nessos
 10311 | D:13     | Found a gate to the Vaults.
 10362 | Orc:1    | Entered Level 1 of the Orcish Mines
 10397 | Orc:2    | Entered Level 2 of the Orcish Mines
 10397 | Orc:2    | Found a staircase to the Elven Halls.
 10526 | Orc:1    | Noticed an orc warlord
 10532 | Orc:1    | Reached skill level 11 in Unarmed Combat
 10580 | Orc:1    | HP: 1/66 [orc warrior/+0 halberd (24)]
 10585 | Orc:1    | Demolished by an orc warlord

Illustrated notes

Levels and vault maps discovered:
D:1:      psy_arrival_radial01, layout_loops_ring, serial_co_window_serial,
          co_window_paths_b, co_window_paths_a, co_window_corner_a,
          co_window_paths_a, co_window_corner_a, co_window_2corner,
          co_window_corner_b, co_window_cross_3, glass_columns_a,
          glass_columns_a, glass_columns_a
D:2:      layout_loops_ring, hellmonk_ecumenical_altar_watching_god,
          minivault_14
D:3:      layout_loops_corners, gammafunk_temple_overflow_arena
D:4:      layout_loops_ring, lightli_ossuary_entry_decrepit_ruins,
          minmay_misc_feat_tiny, nicolae_concentric_dashed_squares_wild,
          uniq_crazy_yiuf_cottage
D:5:      layout_basic
D:6:      minmay_angry_zag, layout_cave_pools, minmay_temple_entry_overgrown
D:7:      layout_gridville
D:8:      cheibrodos_grave_circle, layout_basic, kennysheep_little_box,
          lair_entry_dummy, enter_bailey_5, uniq_maurice, uniq_pikel
D:9:      layout_grid_maze, mainiacjoe_overflow_boulevard, minivault_14
D:10:     layout_cave_pools
D:11:     layout_long_grid, serial_shops, nicolae_lakefront_shop, uniq_nergalle
D:12:     layout_gridville, erik_orc_2, nicolae_sif_muna_condensation
D:13:     layout_irregular_city, david_vaults_3, nemelex_diamond_rough_becter,
          uniq_sonja
Temple:   regret_index_temple_chain_breaker
Orc:1:    lemuel_ogre_cave, layout_diamond_mine, basic_altar
Orc:2:    st_orc_ogre_mass, layout_caves

Skill      XL: |  1  2  3  4  5  6  7  8  9 10 11 12 |
---------------+-------------------------------------+-----
Fighting       | 1 2 3 4 5 6 7 9 |  9.2
Dodging        | 2 3 4 6 8 9 |  9.3
Spellcasting   | 3 4 |  4.0
Transmutations | 3 4 5 7 8 |  8.0
Unarmed Combat | 4 5 7 8 9 11 | 11.0
Air Magic      | 1 4 5 |  5.0
Ice Magic      | 1 5 |  5.0

Action                     |  1- 3 |  4- 6 |  7- 9 | 10-12 || total
---------------------------+-------+-------+-------+-------++-------
  Melee: Unarmed           |    43 |    15 |    81 |   210 ||   349
         Headbutt          |     9 |     5 |    11 |    54 ||    79
         Kick              |     7 |     6 |    17 |    73 ||   103
         Bite              |    12 |     3 |    37 |    84 ||   136
         Punch             |       |       |     1 |    13 ||    14
   Cast: Beastly Appendage |    21 |    17 |    11 |    23 ||    72
         Spider Form       |       |     1 |       |       ||     1
 Invoke: Lesser Servant of |       |       |       |     1 ||     1
    Use: Scroll            |       |     5 |     4 |     4 ||    13
   Stab: Sleeping          |     2 |       |       |       ||     2
         Distracted        |       |       |     1 |     1 ||     2
 Armour: Robe              |     7 |       |       |       ||     7
         Leather armour    |       |     2 |    18 |    49 ||    69
         Skin              |       |     1 |       |       ||     1
  Dodge: Dodged            |    27 |    42 |    55 |   216 ||   340
